 Dungeon Crawl Stone Soup version 0.28-a0-895-g6e5f11bd55 (webtiles) character file.

Game seed: 6934104876609786815

1765 ragingrage the Firebug (level 9, -1/61 (74) HPs)
             Began as an Ogre Fire Elementalist on Nov 23, 2021.
             Was an Initiate of Vehumet.
             Slain by a wight (5 damage)
             ... on level 6 of the Dungeon.
             The game lasted 00:11:43 (9487 turns).

ragingrage the Firebug (Ogre Fire Elementalist)     Turns: 9487, Time: 00:11:44

HP:   -1/61 (74)    AC:  4    Str: 14    XL:     9   Next: 7%
MP:   6/12          EV:  9    Int: 19    God:    Vehumet [......]
Gold: 391           SH:  0    Dex:  9    Spells: 6/12 levels left

rFire   . . .      SeeInvis .   d - +7 morningstar of Huleatiuke {vorpal, rElec}
rCold   + . .      Faith    .   (no shield)
rNeg    . . .      Spirit   .   a - +1 robe
rPois   +          Reflect  .   (helmet restricted)
rElec   +          Harm     .   (no cloak)
rCorr   .          Rampage  .   (gloves unavailable)
Will    .....                   (boots unavailable)
Stlth   +.........              b - amulet of the acrobat
HPRegen 0.20/turn               w - ring of protection from cold
MPRegen 0.13/turn               s - ring of poison resistance

@: heavily drained
A: large, unfitting armour, tough skin 1
a: Renounce Religion


You were on level 6 of the Dungeon.
You worshipped Vehumet.
Vehumet was noncommittal.
You visited 2 branches of the dungeon, and saw 8 of its levels.

You collected 391 gold pieces.

Inventory:

Hand Weapons
 d - the +7 morningstar of Huleatiuke (weapon) {vorpal, rElec}
   (You found it on level 7 of the Dungeon)

   It inflicts extra damage upon your enemies.
   rElec:     It insulates you from electricity.
Missiles
 v - 3 throwing nets
Armour
 a - a +1 robe (worn)
Jewellery
 b - an amulet of the acrobat (around neck)
 s - a ring of poison resistance (right hand)
 w - a ring of protection from cold (left hand)
Scrolls
 e - a scroll of holy word
 g - a scroll of fog
 j - a scroll of magic mapping
 k - 3 scrolls of fear
 l - 3 scrolls of blinking
 p - 2 scrolls of enchant armour
 r - 2 scrolls of identify
Potions
 c - a potion of berserk rage {unknown}
 h - a potion of flight {unknown}
 m - a potion of magic {unknown}
 n - a potion of mutation {unknown}
 o - 2 potions of resistance
 q - a potion of ambrosia {unknown}
 u - a potion of curing {unknown}


   Skills:
 - Level 1.7 Dodging
 - Level 1.4 Stealth
 - Level 2.4 Spellcasting
 + Level 7.3 Conjurations
 + Level 7.9 Fire Magic


You had 6 spell levels left.
You knew the following spells:

 Your Spells              Type           Power      Damage    Failure   Level
a - Foxfire               Conj/Fire      100%       2x1d9     1%          1
b - Scorch                Fire           64%        2d8       1%          2
c - Conjure Flame         Conj/Fire      31%        6-21      2%          3

Your spell library contained the following spells:

 Spells                   Type           Power      Damage    Failure   Level
 Flame Wave               Conj/Fire      31%        3d7       7%          4
 Inner Flame              Hex/Fire       17%        N/A       10%         3


Dungeon Overview and Level Annotations

Branches:
Dungeon (7/15)             Temple (1/1) D:5

Altars:
Cheibriados
Dithmenos
Elyvilon
Fedhas
Hepliaklqana
Kikubaaqudgha
Makhleb
Okawaru
Ru
Trog
Uskayaw
Vehumet
Yredelemnul
Zin
The Shining One


Innate Abilities, Weirdness & Mutations

You are too large for most types of armour.
You have tough skin. (AC +1)


Message History

The wight hits your foxfire with a +3 battleaxe! x2
Casting: Foxfire (safe; 1% risk of failure)
Confirm with . or Enter, or press ? or * to list all spells.
You conjure some foxfire!
The foxfire hits the wight.
The wight is moderately damaged.
The foxfire hits the wight!
The wight is burned terribly!
The wight is severely damaged.
The wight hits you with a +3 battleaxe!
Your foxfire dissipates!
The wight is no longer more vulnerable to fire.
The foxfire hits the wight but does no damage.
The wight is severely damaged.
Things that are here:
a +0 robe; a +0 great sword
Casting: Foxfire (safe; 1% risk of failure)
Confirm with . or Enter, or press ? or * to list all spells.
You conjure some foxfire!
The wight barely misses you.
The wight hits your foxfire with a +3 battleaxe.
The wight hits your foxfire with a +3 battleaxe!
Casting: Foxfire (safe; 1% risk of failure)
Confirm with . or Enter, or press ? or * to list all spells.
You conjure some foxfire!
The foxfire hits the wight but does no damage.
The wight is severely damaged.
The foxfire hits the wight.
The wight is severely damaged.
The wight hits you with a +3 battleaxe!
* * * LOW HITPOINT WARNING * * *
You feel drained.
* * * LOW HITPOINT WARNING * * *
Your foxfire dissipates!
The foxfire hits the wight but does no damage.
The wight is severely damaged.
You see here a +1 barding.
Casting: Foxfire (safe; 1% risk of failure)
Confirm with . or Enter, or press ? or * to list all spells.
You conjure some foxfire!
The wight hits you with a +3 battleaxe!
* * * LOW HITPOINT WARNING * * *
You feel drained.
You die...

.####.....................##
.####.######.##.########..#
..........................#
.####.######.#...#######.##
.####.######.#...### #.#
................>..# #.#
##.##.######.#..[#.# #.#
.........# #.#.vz#.# #.#
#......#.###.#.v@#.# ###
.#######.#.#.#...########
...........#.##.#####^#.#
.............##...##...^#
..######.#.######..'..^_#
..# #.#.# ####.^^^# ..#
#.#.##########^#.# ..#
#.#.#...>..####### ..####
#.#.........####


You could see a wight (ally target).

Vanquished Creatures
  Sigmund (D:6)
  Menkaure (D:6)
  A black bear (D:4)
  An orc warrior (D:5)
  An ice beast (D:6)
  2 centaurs
  5 scorpions
  2 wights
  A bullfrog zombie (D:5)
  3 hounds
  A bullfrog skeleton (D:5)
  Terence (D:2)
  An iguana (D:5)
  5 orc wizards
  Robin (D:2)
  10 gnolls
  10 adders
  A white imp (D:6)
  A worm (D:4)
  3 dart slugs
  14 orcs
  7 endoplasms
  6 giant cockroaches
  16 goblins
  6 hobgoblins
  12 jackals
  6 kobolds
  A quokka (D:1)
  6 ball pythons
  6 bats
  3 frilled lizards (D:1)
  7 rats
  A spectral orc (D:6)
143 creatures vanquished.

Vanquished Creatures (others)
  An orc wizard (D:5)
  457 foxfires
458 creatures vanquished.

Grand Total: 601 creatures vanquished

Notes
Turn   | Place    | Note
-------+----------+-------------------------------------------
     0 | D:1      | ragingrage the Ogre Fire Elementalist began the quest for
                  | the Orb.
     0 | D:1      | Reached XP level 1. HP: 16/16 MP: 3/3
    96 | D:1      | Reached skill level 1 in Conjurations
   581 | D:1      | Reached XP level 2. HP: 24/24 MP: 0/5
   994 | D:1      | Reached XP level 3. HP: 31/31 MP: 1/6
  1525 | D:2      | Noticed Terence
  1593 | D:2      | Reached XP level 4. HP: 3/39 MP: 5/7
  1880 | D:2      | Killed Terence
  2586 | D:3      | Found a faded altar of an unknown god.
  2596 | D:3      | Noticed Robin
  2604 | D:3      | Reached XP level 5. HP: 28/45 MP: 8/8
  2623 | D:2      | Killed Robin
  3638 | D:4      | Learned a level 2 spell: Scorch
  3642 | D:4      | Learned a level 3 spell: Conjure Flame
  3674 | D:4      | Reached XP level 6. HP: 53/53 MP: 0/9
  3824 | D:4      | Identified the +4 leather armour of Absence {Fly}
  3904 | D:4      | Found a glowing golden altar of the Shining One.
  3906 | D:4      | Found a sacrificial altar of Ru.
  4783 | D:4      | Noticed a black bear
  4794 | D:4      | Reached skill level 5 in Fire Magic
  5080 | D:4      | Killed a black bear
  5081 | D:4      | Reached XP level 7. HP: 33/59 MP: 0/10
  5437 | D:5      | Entered Level 5 of the Dungeon
  5639 | D:5      | Reached skill level 5 in Conjurations
  6232 | D:5      | Found a staircase to the Ecumenical Temple.
  6347 | D:5      | Reached XP level 8. HP: 58/67 MP: 4/11
  7250 | Temple   | Entered the Ecumenical Temple
  7477 | Temple   | Became a worshipper of Vehumet
  7786 | D:6      | Found a basalt altar of Yredelemnul.
  8015 | D:6      | Noticed Menkaure
  8388 | D:6      | Killed Menkaure
  8723 | D:6      | Noticed Sigmund
  8728 | D:6      | Killed Sigmund
  8729 | D:6      | Reached XP level 9. HP: 74/74 MP: 7/12
  9168 | D:7      | Identified the +7 morningstar of Huleatiuke {vorpal, rElec}
  9487 | D:6      | Slain by a wight

Illustrated notes

Levels and vault maps discovered:
D:1:      mushboom_english_gardens, layout_loops_ring
D:2:      layout_basic, uniq_terence
D:3:      layout_rooms, hellmonk_ecumenical_altar_lost_god, due_unseen_surprise,
          uniq_robin
D:4:      layout_gridville, jmf_multi_god_temple, serial_co_window_serial,
          co_window_paths_a, co_window_paths_b, co_window_paths_b,
          co_window_corner_a, co_window_of_opportunity_a, co_window_broadway_c,
          co_window_of_opportunity_c, co_window_cross_2, glass_columns_b,
          glass_columns_a, glass_columns_a, minmay_vboxes
D:5:      layout_basic, minmay_temple_entry_mini_moons
D:6:      layout_basic, yredelemnul_forgotten_temple_becter, uniq_sigmund,
          uniq_menkaure
D:7:      layout_loops_ring, grunt_temple_overflow_opulence, serial_bayou_pond_c
Temple:   minmay_temple_bridge_abc

Skill      XL: |  1  2  3  4  5  6  7  8 |
---------------+-------------------------+-----
Conjurations   | 1 2 3 4 5 7 |  7.3
Fire Magic     | 3 4 5 6 7 |  7.9
Dodging        | |  1.7
Stealth        | |  1.4
Spellcasting   | |  2.4

Action                   |  1- 3 |  4- 6 |  7- 9 || total
-------------------------+-------+-------+-------++-------
Melee: Trident           |    46 |       |       ||    46
       Dagger            |    32 |    80 |    52 ||   164
 Cast: Foxfire           |    30 |   130 |   125 ||   285
       Conjure Flame     |       |     3 |     5 ||     8
       Scorch            |       |     1 |     5 ||     6
  Use: Scroll            |       |       |    10 ||    10
 Stab: Sleeping          |     1 |     2 |     1 ||     4
Armor: Robe              |    25 |    30 |    23 ||    78
Dodge: Dodged            |    48 |    58 |    52 ||   158

Table legend: (Time is in decaauts)
 A = Elapsed time spent in this place.
 B = Non-inter-level travel time spent in this place.
 C = Inter-level travel time spent in this place.
 D = Time resting spent in this place.
 E = Time spent auto-exploring this place.
 F = Levels seen in this place.
 G = Mean time per level.
                   A        B        C        D        E       F      G
               +--------+--------+--------+--------+--------+-----+--------+
         Total |   9513 |   9295 |    218 |   2262 |   5614 |   8 | 1189.1 |
       Dungeon |   9250 |   9082 |    168 |   2262 |   5410 |   7 | 1321.4 |
        Temple |    262 |    212 |     50 |      0 |    204 |   1 |  262.0 |
               +--------+--------+--------+--------+--------+-----+--------+

Top non-repeatable levels by time:
     D:4: 1964 daAuts
     D:6: 1758 daAuts
     D:5: 1661 daAuts
     D:1: 1600 daAuts
     D:2: 1320 daAuts
     D:3: 757 daAuts
  Temple: 262 daAuts
     D:7: 186 daAuts
